 Dungeon Crawl Stone Soup version 0.31-a0-986-g5e6e4ef867 (webtiles) character file.

Game seed: 13065258829613849199

775 DocClef the Changeling (level 7, -2/48 HPs)
             Began as a Demonspawn Shapeshifter on Nov 5, 2023.
             Slain by Duvessa
             ... wielding a +0 short sword
              (5 damage)
             ... on level 4 of the Dungeon.
             The game lasted 00:04:12 (2456 turns).

DocClef the Changeling (Demonspawn Shapeshifter)    Turns: 2456, Time: 00:04:13

Health: -2/48      AC: 14    Str: 17    XL:     7   Next: 54%
Magic:  16/16      EV: 15    Int: 11    God:
Gold:   160        SH:  9    Dex: 19    Spells: 6/6 levels left

rFire   . .          .
                       - Unarmed
rCold   + . .        (no shield)
rNeg    . . .        f - +0 scale mail
rPois   .            (helmet currently unavailable)
rElec   .            (cloak currently unavailable)
rCorr   +            (gloves currently unavailable)
SInv    +            (boots currently unavailable)
Will    .....        p - amulet of reflection
Stlth   x              - ring "Gioczes" {rC+ MP+9 Dex+7 SInv Stlth-}
HPRegen 0.28/turn    e - +4 ring of protection
MPRegen 0.15/turn

%: reflection
@: agile, beast-form
A: beast (slay +4), yellow scales 3, powered by pain 1, condensation shield
a: Begin Untransformation


You were on level 4 of the Dungeon.
You were a hulking beast.
You visited 1 branch of the dungeon, and saw 4 of its levels.

You collected 160 gold pieces.

Inventory:

Hand Weapons
 y - a +2 dagger of draining
Armour
 a - a +0 animal skin
 f - a +0 scale mail (worn)
 u - a scarf of invisibility
Jewellery
 e - a +4 ring of protection (right hand)
 m - a +6 ring of dexterity
 o - a ring of protection from fire
 p - an amulet of reflection (around neck)
 x - the ring "Gioczes" (left hand) {rC+ MP+9 Dex+7 SInv Stlth-}
   (You found it on level 3 of the Dungeon)

   [ring of magical power]

   Dex+7:     It affects your dexterity (+7).
   rC+:       It protects you from cold.
   MP+9:      It affects your magic capacity (+9).
   SInv:      It lets you see invisible.
   Stlth-:    It makes you less stealthy.
Talismans
 c - a beast talisman
 d - a flux talisman
Wands
 A - a wand of digging (7)
Scrolls
 i - 2 scrolls of noise {unknown}
 j - a scroll of silence {unknown}
 k - a scroll of identify {unknown}
 r - a scroll of acquirement {unknown}
 t - 2 scrolls of teleportation {unknown}
 v - a scroll of torment {unknown}
 w - a scroll of revelation {unknown}
 z - a scroll of enchant armour {unknown}
Potions
 b - a potion of lignification
 g - a potion of berserk rage {unknown}
 h - a potion of cancellation {unknown}
 l - a potion of curing {unknown}
 n - a potion of mutation {unknown}
 q - a potion of haste {unknown}
 s - a potion of resistance {unknown}


   Skills:
 - Level 1.0 Fighting
 - Level 1.7 Dodging
 - Level 2.6 Unarmed Combat
 + Level 7.6 Shapeshifting


You had 6 spell levels left.
You didn't know any spells.
Your spell library contained the following spells:

 Spells                   Type           Power      Damage    Failure   Level
 Freeze                   Ice            0%         1d3       78%         1
 Magic Dart               Conj           0%         1d3       78%         1
 Necrotise                Necr           0%         1d4       78%         1
 Searing Ray              Conj           0%         2d4       89%         2
 Frozen Ramparts          Ice            0%         1d1       98%         3
 Hailstorm                Conj/Ice       0%         3d3       98%         3
 Vampiric Draining        Necr           0%         2d6       98%         3
 Fulminant Prism          Conj/Hex       0%         3d5       100%        4
 Agony                    Necr           0%         N/A       100%        5


Dungeon Overview and Level Annotations

Branches:
Dungeon (4/15)
 Temple: D:4-7

Altars:
Makhleb
Ru
Uskayaw
Wu Jian

Shops:
D:2 =

Annotations:
D:4 Dowan; Duvessa; lunkers's ghost, novice MeSh


Innate Abilities, Weirdness & Mutations

You are a hulking beast.
Your limbs bulge with bestial killing power. (Slay +4)
You are completely covered in yellow scales. (AC +4, rCorr)
You sometimes gain a little power by taking damage.
A meltable shield of frost defends you. (SH +4)


Message History

You barely miss Duvessa.
Duvessa is severely wounded.
The hound skeleton bites you. You block Duvessa's attack.
Dowan casts a spell at you. You resist with some effort.
You punch Duvessa!
Duvessa is almost dead.
Duvessa barely misses you.
The hound skeleton bites you but does no damage.
Dowan hits you with a +0 dagger. Duvessa hits you with a +0 short sword.
The hound skeleton misses you.
You are too injured to fight recklessly!
You are too injured to fight recklessly!
You are too injured to fight recklessly!
You hit Duvessa but do no damage.
Duvessa is almost dead.
Duvessa hits you with a +0 short sword.
* * * LOW HITPOINT WARNING * * *
Dowan says, "Stay away from my face!"
Dowan misses you.
The hound skeleton bites you but does no damage.
You hit Duvessa but do no damage.
Duvessa is almost dead.
Duvessa hits you but does no damage.
The hound skeleton bites you but does no damage.
Dowan casts a spell at you. The puff of frost misses you.
You block Duvessa's attack.
Unknown command.
Duvessa hits you but does no damage.
The hound skeleton attacks as it pursues you!
The hound skeleton bites you but does no damage.
Duvessa closely misses you. You block Duvessa's attack.
There is a stone staircase leading down here.
Duvessa hits you with a +0 short sword!
* * * LOW HITPOINT WARNING * * *
You focus on the pain.
You feel agile all of a sudden. Duvessa hits you with a +0 short sword.
You die...

..#...........
...........#..
###............
##.....#......#
###.....##......#
#?......#.......#..
...................
#.....h...)#
##....e#Z.##
#.....#.## ..
##.....e.#
...#.......## ..
...##......# ..#
#...#......#..# ....
P..........#..#...=..
§§P.......##..#.....


You could see Duvessa (fast), Dowan and a hound skeleton.

Vanquished Creatures
  Pargi (D:3)
  An ogre (D:3)
  2 phantoms (D:4)
  A bullfrog zombie (D:4)
  A centaur skeleton (D:4)
  A bullfrog skeleton (D:4)
  A sleepcap (D:4)
  An iguana (D:3)
  Terence (D:3)
  An orc wizard (D:3)
  Natasha (thrice) (D:2)
  A scorpion zombie (D:4)
  A howler monkey zombie (D:4)
  3 adders
  An adder zombie (D:4)
  3 worms
  4 dart slugs
  8 orcs
  11 ball pythons
  9 endoplasms
  2 giant cockroaches
  14 goblins
  6 hobgoblins
  2 quokkas
  5 bats
  2 frilled lizards (D:1)
  12 kobolds
  8 rats
106 creatures vanquished.

Notes
Turn   | Place    | Note
-------+----------+-------------------------------------------
     0 | D:1      | DocClef the Demonspawn Shapeshifter began the quest for the
                  | Orb.
     0 | D:1      | Reached XP level 1. HP: 15/15 MP: 1/1
    21 | D:1      | Reached skill level 3 in Shapeshifting
    76 | D:1      | Gained mutation: You are partially covered in yellow
                  | scales. (AC +2) [demonic ancestry]
    76 | D:1      | Reached XP level 2. HP: 4/21 MP: 2/2
   341 | D:1      | Gained mutation: You are mostly covered in yellow scales.
                  | (AC +3) [demonic ancestry]
   341 | D:1      | Reached XP level 3. HP: 25/26 MP: 3/3
   610 | D:2      | Found a faded altar of an unknown god.
   750 | D:2      | Reached skill level 4 in Shapeshifting
   757 | D:2      | Noticed Natasha
   765 | D:2      | Killed Natasha
   766 | D:2      | Gained mutation: You are completely covered in yellow
                  | scales. (AC +4, rCorr) [demonic ancestry]
   766 | D:2      | Reached XP level 4. HP: 22/32 MP: 4/4
   800 | D:2      | Found Masah's Jewellery Boutique.
   835 | D:2      | Noticed Natasha
   849 | D:2      | Killed Natasha
  1301 | D:2      | Noticed Natasha
  1312 | D:2      | Killed Natasha
  1313 | D:2      | Gained mutation: You sometimes gain a little power by
                  | taking damage. [demonic ancestry]
  1313 | D:2      | Reached XP level 5. HP: 26/37 MP: 5/5
  1510 | D:3      | Noticed Terence
  1521 | D:3      | Killed Terence
  1522 | D:3      | Reached skill level 5 in Shapeshifting
  1836 | D:3      | Identified the ring "Gioczes" {rC+ MP+9 Dex+7 SInv Stlth-}
  2040 | D:3      | Noticed Pargi
  2055 | D:3      | Killed Pargi
  2056 | D:3      | Reached XP level 6. HP: 43/43 MP: 6/6
  2107 | D:3      | Reached skill level 6 in Shapeshifting
  2230 | D:4      | Gained mutation: A meltable shield of frost defends you.
                  | (SH +4) [demonic ancestry]
  2230 | D:4      | Reached XP level 7. HP: 47/48 MP: 7/7
  2241 | D:4      | Reached skill level 7 in Shapeshifting
  2365 | D:4      | Found an ornate altar of the Wu Jian Council.
  2369 | D:4      | Noticed lunkers's ghost (novice MeSh)
  2374 | D:4      | Found a sacrificial altar of Ru.
  2375 | D:4      | Found a burning altar of Makhleb.
  2375 | D:4      | Found a hide-covered altar of Uskayaw.
  2422 | D:4      | Noticed Duvessa
  2424 | D:4      | Noticed Dowan
  2456 | D:4      | Slain by Duvessa

Illustrated notes

Levels and vault maps discovered:
D:1:      tarquinn_simple_flora_water_e, layout_rooms
D:2:      layout_loops_ring, serial_shops, shop, nicolae_ecumenical_pavilion,
          minmay_split_cup_large, uniq_natasha
D:3:      layout_rooms, minmay_misc_feat_alley, minmay_ogre_servants,
          uniq_terence, uniq_pargi
D:4:      layout_cave_pools, mainiacjoe_overflow_paths,
          chequers_temple_overflow_statue_of_worship, gammafunk_ghost_icy,
          serial_undead, serial_undead_e, serial_undead_e, serial_undead_f,
          serial_undead_d, serial_undead_d, serial_undead_b, serial_undead_d,
          uniq_duvessa

Skill      XL: |  1  2  3  4  5  6  7 |
---------------+----------------------+-----
Shapeshifting  | 3 4 5 6 7 |  7.6
Fighting       | |  1.0
Dodging        | |  1.7
Unarmed Combat | |  2.6

Action                     |  1- 3 |  4- 6 |  7- 9 || total
---------------------------+-------+-------+-------++-------
  Melee: Unarmed           |   122 |   181 |   101 ||   404
         Punch             |     1 |     9 |     9 ||    19
 Armour: Animal skin       |    30 |       |       ||    30
         Scale mail        |    52 |   105 |   125 ||   282
  Dodge: Dodged            |    82 |    82 |    62 ||   226
  Block: Other             |     1 |    37 |    94 ||   132
         Reflection        |       |     1 |     1 ||     2

Table legend: (Time is in decaauts)
 A = Elapsed time spent in this place.
 B = Non-inter-level travel time spent in this place.
 C = Inter-level travel time spent in this place.
 D = Time resting spent in this place.
 E = Time spent auto-exploring this place.
 F = Levels seen in this place.
 G = Mean time per level.
                   A        B        C        D        E       F      G
               +--------+--------+--------+--------+--------+-----+--------+
         Total |   2446 |   2370 |     76 |     95 |   1548 |   4 |  611.5 |
       Dungeon |   2446 |   2370 |     76 |     95 |   1548 |   4 |  611.5 |
               +--------+--------+--------+--------+--------+-----+--------+

Top non-repeatable levels by time:
     D:2: 886 daAuts
     D:3: 704 daAuts
     D:1: 605 daAuts
     D:4: 250 daAuts
